 Dungeon Crawl Stone Soup version 0.27-a0-203-gd48b2df3c9 (webtiles) character file.

Game seed: 85921772444522071

137 iamserjio the Skirmisher (level 5, -3/47 HPs)
             Began as a Gnoll Abyssal Knight on Jan 30, 2021.
             Was a Believer of Lugonu.
             Slain by an iguana (10 damage)
             ... on level 5 of the Dungeon.
             The game lasted 00:04:06 (631 turns).

iamserjio the Skirmisher (Gnoll Abyssal Knight)      Turns: 631, Time: 00:04:06

Health: -3/47      AC:  4    Str: 12    XL:     5   Next: 20%
Magic:  8/8        EV: 12    Int: 12    God:    Lugonu [**....]
Gold:   156        SH:  0    Dex: 11    Spells: 6/6 levels left

rFire    . . .     SeeInvis .   a - +1 hand axe
rCold    . . .     Faith    .   (no shield)
rNeg     . . .     Spirit   .   b - +0 leather armour
rPois    .         Reflect  .   (no helmet)
rElec    .         Harm     .   k - +0 cloak
rCorr    .         Rampage  .   (no gloves)
Will     .....                  (no boots)
Stlth    ++........             (no amulet)
HPRegen  0.15/turn              i - ring of stealth
MPRegen  0.11/turn              (no ring)

@: no status effects
A: distributed training, fangs 1, strong nose
a: Renounce Religion, Depart the Abyss, Bend Space


You were on level 5 of the Dungeon.
You worshipped Lugonu.
Lugonu was pleased with you.
You visited 1 branch of the dungeon, and saw 5 of its levels.
You visited the Abyss 1 time.

You collected 156 gold pieces.

Inventory:

Hand Weapons
 a - a +1 hand axe (weapon)
 r - a +0 flail
Missiles
 g - 32 arrows
 q - a javelin (quivered)
Armour
 b - a +0 leather armour (worn)
 k - a +0 cloak (worn)
Jewellery
 i - a ring of stealth (left hand)
Scrolls
 c - 2 scrolls of immolation {unknown}
 e - 2 scrolls of blinking {unknown}
 h - a scroll of random uselessness {unknown}
 l - a scroll of enchant weapon {unknown}
 n - a scroll of remove curse {unknown}
 s - a scroll of identify {unknown}
Potions
 d - a potion of brilliance
 f - a potion of curing {unknown}
 j - a potion of attraction
 m - a potion of flight {unknown}
 o - a potion of degeneration {unknown}


   Skills:
 + Level 6.6 Fighting
 + Level 1.4 Short Blades
 + Level 1.4 Long Blades
 + Level 4.7 Axes
 + Level 1.4 Maces & Flails
 + Level 1.4 Polearms
 + Level 1.4 Staves
 + Level 1.4 Slings
 + Level 1.4 Bows
 + Level 1.4 Crossbows
 + Level 1.4 Throwing
 + Level 4.7 Armour
 + Level 2.9 Dodging
 + Level 1.4 Stealth
 + Level 1.4 Shields
 + Level 1.4 Unarmed Combat
 + Level 1.4 Spellcasting
 + Level 1.1 Conjurations
 + Level 1.1 Hexes
 + Level 1.1 Summonings
 + Level 1.1 Necromancy
 + Level 1.1 Translocations
 + Level 1.1 Transmutations
 + Level 1.1 Fire Magic
 + Level 1.1 Ice Magic
 + Level 1.1 Air Magic
 + Level 1.1 Earth Magic
 + Level 1.1 Poison Magic
 + Level 4.8 Invocations
 + Level 1.4 Evocations


You had 6 spell levels left.
You didn't know any spells.
Your spell library was empty.

Dungeon Overview and Level Annotations

Branches:
Dungeon (5/15)
 Temple: D:4-7

Altars:


Innate Abilities, Weirdness & Mutations

Your experience applies equally to all skills.
You have very sharp teeth.
Your uncanny sense of smell can sniff out nearby items.


Message History

Throw: 4 javelins
Aim: a sky beast (severely wounded, 48% to hit)
You throw a javelin. The javelin barely misses the iguana.
The javelin closely misses the sky beast.
The sky beast flickers out of sight!
Deactivating autopickup; reactivate with Ctrl-A.
The iguana bites you!
* * * LOW HITPOINT WARNING * * *
Throw: 3 javelins
Aim: an iguana (63% to hit)
You throw a javelin.
The javelin pierces through the iguana but does no damage.
The iguana barely misses you.
Throw: 2 javelins
Aim: an iguana (63% to hit)
You throw a javelin. The javelin pierces through the iguana.
Reactivating autopickup.
You feel a bit more experienced. The iguana bites you!
You die...

.>....# #≈≈≈#
......# #≈≈≈#
..........# ##≈##
......#.#.?# #≈#
......#..... #<#
......# #... ∆∆#.#
....... #... ∆∆#.##
......#.#...####..#
......#.(((....l@.#
..........^..####.#
#..#..###..#...##.#
..# .........Y##.#
....###..........#
.... ##.#########
#? #


You could see an iguana.

Vanquished Creatures
  A sky beast (D:5)
  A howler monkey (D:4)
  An orc priest (D:4)
  2 adders (D:3)
  An ooze (D:2)
  An adder skeleton (D:4)
  A worm (D:4)
  A dart slug (D:2)
  2 leopard geckos (D:3)
  5 orcs (D:4)
  A bat (D:2)
  3 giant cockroaches
  A goblin (D:3)
  3 hobgoblins
  4 jackals (D:4)
  2 frilled lizards
  4 rats
34 creatures vanquished.

Notes
Turn   | Place    | Note
-------+----------+-------------------------------------------
     0 | Abyss:1  | iamserjio the Gnoll Abyssal Knight began the quest for the
                  | Orb.
     0 | Abyss:1  | Reached XP level 1. HP: 23/23 MP: 3/3
    19 | Abyss:2  | Found a roughly hewn altar of Beogh.
    23 | Abyss:2  | Found a corrupted altar of Lugonu.
    59 | Abyss:2  | Noticed a starcursed mass
    61 | D:1      | Escaped the Abyss
   135 | D:2      | Reached XP level 2. HP: 19/29 MP: 5/5
   158 | D:2      | Reached * piety under Lugonu
   173 | D:3      | Reached XP level 3. HP: 25/35 MP: 6/6
   430 | D:4      | Reached skill level 1 in Short Blades
   430 | D:4      | Reached skill level 1 in Long Blades
   430 | D:4      | Reached skill level 1 in Maces & Flails
   430 | D:4      | Reached skill level 1 in Polearms
   430 | D:4      | Reached skill level 1 in Staves
   430 | D:4      | Reached skill level 1 in Slings
   430 | D:4      | Reached skill level 1 in Bows
   430 | D:4      | Reached skill level 1 in Crossbows
   430 | D:4      | Reached skill level 1 in Throwing
   430 | D:4      | Reached skill level 1 in Stealth
   430 | D:4      | Reached skill level 1 in Shields
   430 | D:4      | Reached skill level 1 in Unarmed Combat
   430 | D:4      | Reached skill level 1 in Spellcasting
   430 | D:4      | Reached skill level 1 in Evocations
   430 | D:4      | Reached XP level 4. HP: 27/41 MP: 7/7
   470 | D:4      | Reached skill level 1 in Conjurations
   470 | D:4      | Reached skill level 1 in Hexes
   470 | D:4      | Reached skill level 1 in Summonings
   470 | D:4      | Reached skill level 1 in Necromancy
   470 | D:4      | Reached skill level 1 in Translocations
   470 | D:4      | Reached skill level 1 in Transmutations
   470 | D:4      | Reached skill level 1 in Fire Magic
   470 | D:4      | Reached skill level 1 in Ice Magic
   470 | D:4      | Reached skill level 1 in Air Magic
   470 | D:4      | Reached skill level 1 in Earth Magic
   470 | D:4      | Reached skill level 1 in Poison Magic
   486 | D:5      | Entered Level 5 of the Dungeon
   530 | D:4      | Reached ** piety under Lugonu
   531 | D:4      | Reached XP level 5. HP: 30/47 MP: 8/8
   607 | D:5      | Noticed a sky beast
   631 | D:5      | Killed a sky beast
   631 | D:5      | Slain by an iguana

Illustrated notes

Levels and vault maps discovered:
D:1:      dpeg_arrival_chambers_temple_mockup, layout_basic
D:2:      layout_loops_ring
D:3:      layout_rooms
D:4:      layout_loops_cross, minmay_misc_feat_pillars
D:5:      cheibrodos_thug_alley, layout_rooms, corexii_leaking_fountain

Skill      XL: |  1  2  3  4 |
---------------+-------------+-----
Short Blades   | 1 |  1.4
Long Blades    | 1 |  1.4
Maces & Flails | 1 |  1.4
Polearms       | 1 |  1.4
Staves         | 1 |  1.4
Slings         | 1 |  1.4
Bows           | 1 |  1.4
Crossbows      | 1 |  1.4
Throwing       | 1 |  1.4
Stealth        | 1 |  1.4
Shields        | 1 |  1.4
Unarmed Combat | 1 |  1.4
Spellcasting   | 1 |  1.4
Evocations     | 1 |  1.4
Conjurations   | 1 |  1.1
Hexes          | 1 |  1.1
Summonings     | 1 |  1.1
Necromancy     | 1 |  1.1
Translocations | 1 |  1.1
Transmutations | 1 |  1.1
Fire Magic     | 1 |  1.1
Ice Magic      | 1 |  1.1
Air Magic      | 1 |  1.1
Earth Magic    | 1 |  1.1
Poison Magic   | 1 |  1.1
Fighting       | |  6.6
Axes           | |  4.7
Armour         | |  4.7
Dodging        | |  2.9
Invocations    | |  4.8

Action                   |  1- 3 |  4- 6 || total
-------------------------+-------+-------++-------
Melee: Hand axe          |    69 |    47 ||   116
       Bite              |     5 |     2 ||     7
Throw: Dart              |       |     6 ||     6
       Javelin           |       |     5 ||     5
Invok: Depart the Abyss  |     1 |       ||     1
  Use: Potion            |     2 |       ||     2
Armor: Leather armour    |    24 |    12 ||    36
Dodge: Dodged            |    53 |    30 ||    83

Table legend: (Time is in decaauts)
 A = Elapsed time spent in this place.
 B = Non-inter-level travel time spent in this place.
 C = Inter-level travel time spent in this place.
 D = Time resting spent in this place.
 E = Time spent auto-exploring this place.
 F = Levels seen in this place.
 G = Mean time per level.
                   A        B        C        D        E       F      G
               +--------+--------+--------+--------+--------+-----+--------+
         Total |    648 |    641 |      7 |      0 |      0 |   7 |   92.6 |
       Dungeon |    588 |    581 |      7 |      0 |      0 |   5 |  117.6 |
         Abyss |     60 |     60 |      0 |      0 |      0 |   2 |   30.0 |
               +--------+--------+--------+--------+--------+-----+--------+

Top non-repeatable levels by time:
     D:4: 164 daAuts
     D:2: 164 daAuts
     D:1: 102 daAuts
     D:3: 86 daAuts
     D:5: 71 daAuts
 Abyss:2: 42 daAuts
 Abyss:1: 18 daAuts
